 Dungeon Crawl Stone Soup version 0.19.1 (webtiles) character file.

600 Host24 the Nimble (level 7, -1/44 HPs)
             Began as a Kobold Hunter on Jan 26, 2017.
             Was a Follower of Okawaru.
             Slain by an orc wizard
             ... wielding a +0 dagger
              (4 damage)
             ... on level 4 of the Dungeon.
             The game lasted 00:07:09 (4105 turns).

Host24 the Nimble (Kobold Hunter)                   Turns: 4105, Time: 00:07:09

Health: -1/44      AC:  5    Str:  9    XL:     7   Next: 69%
Magic:  7/7        EV: 20    Int: 12    God:    Okawaru [*.....]
Gold:   84         SH:  0    Dex: 18    Spells: 0 memorised, 6 levels left

rFire  . . .     SeeInvis .     a - +1 hand crossbow
rCold  . . .     Gourm    .     c - +0 leather armour
rNeg   . . .     Faith    .     (shield restricted)
rPois  .         Spirit   .     (no helmet)
rElec  .         Reflect  .     E - +0 cloak
rCorr  .         Harm     .     (no gloves)
MR     .....                    p - +0 pair of boots
Stlth  ++........               (no amulet)
                                (no ring)
                                (no ring)

@: flying
A: carnivore 3
a: Heroism, Renounce Religion


You were on level 4 of the Dungeon.
You worshipped Okawaru.
Okawaru was aware of your devotion.
You were completely stuffed.

You visited 1 branch of the dungeon, and saw 4 of its levels.

You collected 84 gold pieces.

Inventory:

Hand Weapons
 a - a +1 hand crossbow (weapon)
 u - a +0 flail of crushing
 z - a +2 whip of venom
 D - a +4 quarterstaff of chaos
Missiles
 d - 37 bolts (quivered)
 g - 50 stones
 t - a throwing net
 x - 29 sling bullets
 y - 2 tomahawks
 A - 17 poisoned needles
Armour
 c - a +0 leather armour (worn)
 k - a cursed -1 chain mail
 p - a +0 pair of boots (worn)
 E - a +0 cloak (worn)
Wands
 C - a wand of slowing (32/48)
Scrolls
 e - 5 scrolls of identify {unknown}
 j - 2 scrolls of remove curse {unknown}
 n - 2 scrolls of amnesia {unknown}
 o - 2 scrolls of enchant weapon {unknown}
 q - a scroll of immolation {unknown}
 r - a scroll of magic mapping {unknown}
 w - 2 scrolls of teleportation {unknown}
Potions
 b - a potion of berserk rage {unknown}
 h - a potion of might {unknown}
 i - a potion of cure mutation {unknown}
 l - a potion of lignification {unknown}
 m - 2 potions of flight
 s - a potion of ambrosia {unknown}
Comestibles
 f - 2 meat rations
 v - a royal jelly


   Skills:
 + Level 5.0 Fighting
 - Level 5.0 Crossbows
 - Level 8.0 Dodging
 - Level 1.3 Stealth


You had 6 spell levels left.
You didn't know any spells.

Dungeon Overview and Level Annotations

Branches:
Dungeon (4/15)
 Temple: D:4-7

Altars:
Cheibriados
Hepliaklqana
Nemelex Xobeh
Okawaru


Innate Abilities, Weirdness & Mutations

You are small and have problems with some larger weapons.
You are carnivorous and can eat meat at any time.


Message History

Things that are here:
a mace; an orc corpse 2 orcs, 2 orc priests and an orc wizard come into view.
The orc priest shouts!
The orc wizard shouts!
The orc wizard casts a spell at you. The puff of flame hits you!
Wield which item (- for none, * to show all)? (? for menu, Esc to quit)
a - a +1 hand crossbow (weapon)
The orc wizard mumbles some strange words.
The orc wizard seems to speed up.
The orc priest mumbles some strange prayers to Beogh against you.
Beogh smites you!
* * * LOW HITPOINT WARNING * * *
The orc wizard casts a spell at you. The puff of flame hits you!
* * * LOW HITPOINT WARNING * * *
It was a potion of flight.
You feel very buoyant.
You fly up into the air.
The orc wizard hits you with a dagger.
You die...

#........# .....
#........# ....
#........# #........#
#........# #........#
###.##########
#########.#........####
#.......)..@o.........#
###########....o......#
#..)..).....#
#.......o...#
########....# ####.#
.....o..# ###......
#......#


You could see 2 orc priests and an orc wizard.

Vanquished Creatures
  Sigmund (D:3)
  2 orc priests (D:4)
  2 orc wizards
  Crazy Yiuf (D:3)
  Ijyb (D:2)
  Terence (D:3)
  2 worker ants (D:4)
  4 gnolls (D:2)
  5 adders
  4 oozes
  3 dart slugs
  5 leopard geckos
  10 orcs
  10 bats
  5 giant cockroaches
  6 hobgoblins
  6 jackals
  2 quokkas (D:2)
  5 frilled lizards
  16 goblins
  6 kobolds
  8 rats
105 creatures vanquished.

Vanquished Creatures (others)
  A fungus (D:3)
1 creature vanquished.

Grand Total: 106 creatures vanquished

Notes
Turn   | Place    | Note
-------+----------+-------------------------------------------
     0 | D:1      | Host24 the Kobold Hunter began the quest for the Orb.
     0 | D:1      | Reached XP level 1. HP: 12/12 MP: 1/1
   446 | D:1      | Reached XP level 2. HP: 15/18 MP: 2/2
   917 | D:2      | Found an iron altar of Okawaru.
   920 | D:2      | Became a worshipper of Warmaster Okawaru
   961 | D:2      | Reached XP level 3. HP: 17/23 MP: 3/3
  1296 | D:2      | Reached XP level 4. HP: 16/30 MP: 4/4
  1477 | D:2      | Noticed Ijyb
  1493 | D:2      | Killed Ijyb
  1493 | D:2      | Reached skill level 5 in Fighting
  1644 | D:2      | Reached skill level 5 in Crossbows
  1669 | D:2      | Reached XP level 5. HP: 28/35 MP: 5/5
  1703 | D:2      | Reached skill level 3 in Dodging
  2340 | D:2      | Reached skill level 4 in Dodging
  2657 | D:3      | Reached XP level 6. HP: 22/40 MP: 6/6
  2673 | D:3      | Reached skill level 5 in Dodging
  3045 | D:3      | Found a hazy altar of Hepliaklqana.
  3214 | D:3      | Noticed Terence
  3223 | D:3      | Killed Terence
  3513 | D:3      | Found a sparkling altar of Nemelex Xobeh.
  3622 | D:3      | Noticed Sigmund
  3637 | D:3      | Killed Sigmund
  3637 | D:3      | Reached * piety under Okawaru
  3637 | D:3      | Reached skill level 6 in Dodging
  3637 | D:3      | Reached XP level 7. HP: 43/44 MP: 7/7
  3722 | D:3      | Found a runed door.
  3727 | D:3      | Noticed Crazy Yiuf
  3731 | D:3      | Killed Crazy Yiuf
  3731 | D:3      | Reached skill level 7 in Dodging
  3980 | D:4      | Found a snail-covered altar of Cheibriados.
  4052 | D:4      | Reached skill level 8 in Dodging
  4105 | D:4      | Slain by an orc wizard

Skill      XL: |  1  2  3  4  5  6  7 |
---------------+----------------------+-----
Fighting       | 3 4 5 |  5.0
Crossbows      | 5 |  5.0
Dodging        | 4 6 8 |  8.0
Stealth        | |  1.3

Action                   |  1- 3 |  4- 6 |  7- 9 || total
-------------------------+-------+-------+-------++-------
Melee: Short sword       |   107 |    89 |       ||   196
       Flail             |       |    62 |       ||    62
       Whip              |       |    48 |    15 ||    63
       Quarterstaff      |       |       |    21 ||    21
 Fire: Hand crossbow     |     9 |    25 |    13 ||    47
  Use: Potion            |       |       |     1 ||     1
 Stab: Sleeping          |     1 |     1 |       ||     2
       Distracted        |       |     1 |       ||     1
  Eat: Chunk             |    10 |     7 |     2 ||    19
Armor: Leather armour    |    28 |    35 |     9 ||    72
Dodge: Dodged            |    93 |   175 |    46 ||   314
